| TOP OF THE 1ST |
|
Pittsfield Colonials batting - Pitching for Pawtucket Paw Sox : RHP Kevin McCoy
|
|
Pitching: RHP Kevin McCoy
|
|
|
Batting: SHB Steve Scafa
|
0-0: SINGLE (Line Drive, 78S, EV 91.3 MPH)
|
|
Batting: SHB Mitch Webster
|
0-0: Ball 1-0: Called Strike 1-1: Ball 2-1: Foul Ball, location: 2F 2-2: Ball 3-2: Strikes out swinging Steve Scafa steals 2nd, throwing error, E2 Steve Scafa to third
|
|
Batting: RHB Shawon Dunston
|
0-0: Foul Ball, location: 2F 0-1: Called Strike 0-2: Ball Wild Pitch! Steve Scafa scores 1-2: Foul Ball, location: 2F 1-2: Ball 2-2: Ground out U3 (Groundball, 34S, EV 62.5 MPH)
|
|
Batting: SHB Mark Gilbert
|
0-0: Ball 1-0: Ball 2-0: Ball 3-0: Base on Balls
|
|
Batting: RHB Mike Brewer
|
0-0: Called Strike 0-1: Ground out 5-3 (Groundball, 56S, EV 70.6 MPH)
|
| Top of the 1st over - 1 run, 1 hit, 1 error, 1 left on base; Pittsfield 1 - Pawtucket 0 |
| BOTTOM OF THE 1ST |
|
Pawtucket Paw Sox batting - Pitching for Pittsfield Colonials : RHP Tim Rodgers
|
|
Pitching: RHP Tim Rodgers
|
|
|
Batting: LHB Dave Haberle
|
0-0: Called Strike 0-1: Ball 1-1: Ball 2-1: Ball 3-1: Foul Ball, location: 2F 3-2: SINGLE (Groundball, 4MD, EV 106.9 MPH)
|
|
Batting: LHB Steven Garcia
|
0-0: Ball 1-0: Ball 2-0: Fly out, F7 (Flyball, 7LM, EV 89.4 MPH)
|
|
Batting: LHB Jeff Stone
|
0-0: Ball 1-0: Ball 2-0: Ball 3-0: Foul Ball, location: 2F 3-1: Base on Balls Dave Haberle to second
|
|
Batting: RHB Dave Malpeso
|
0-0: Grounds into double play, 6-4-3 (Groundball, 6, EV 83.8 MPH)
|
| Bottom of the 1st over - 0 runs, 1 hit, 0 errors, 1 left on base; Pittsfield 1 - Pawtucket 0 |
| TOP OF THE 2ND |
|
Pittsfield Colonials batting - Pitching for Pawtucket Paw Sox : RHP Kevin McCoy
|
|
Batting: SHB Felipe Gracia
|
0-0: Ball 1-0: Fly out, F8 (Flyball, 8RD, EV 94.4 MPH)
|
|
Batting: RHB Steven Ramler
|
0-0: Ball 1-0: Called Strike 1-1: Called Strike 1-2: Ball 2-2: Ball 3-2: Foul Ball, location: 2F 3-2: Fly out, F8 (Flyball, 8LD, EV 99.4 MPH)
|
|
Batting: SHB David Enos
|
0-0: Swinging Strike 0-1: Ball 1-1: Foul Ball, location: 2F 1-2: Foul Ball, location: 2F 1-2: Fly out, F9 (Flyball, 9, EV 88.1 MPH)
|
| Top of the 2nd over - 0 runs, 0 hits, 0 errors, 0 left on base; Pittsfield 1 - Pawtucket 0 |
| BOTTOM OF THE 2ND |
|
Pawtucket Paw Sox batting - Pitching for Pittsfield Colonials : RHP Tim Rodgers
|
|
Batting: RHB Brick Smith
|
0-0: Ball 1-0: Foul Ball, location: 2F 1-1: Swinging Strike 1-2: Foul Ball, location: 2F 1-2: Ground out 6-3 (Groundball, 6S, EV 83.8 MPH)
|
|
Batting: LHB David Wiggins
|
0-0: Swinging Strike 0-1: Swinging Strike 0-2: Ball 1-2: Ball 2-2: Ball 3-2: Fly out, F9 (Line Drive, 9, EV 103.1 MPH)
|
|
Batting: RHB Robert Duran
|
0-0: Called Strike 0-1: Ball 1-1: Called Strike 1-2: Strikes out swinging
|
| Bottom of the 2nd over - 0 runs, 0 hits, 0 errors, 0 left on base; Pittsfield 1 - Pawtucket 0 |
| TOP OF THE 3RD |
|
Pittsfield Colonials batting - Pitching for Pawtucket Paw Sox : RHP Kevin McCoy
|
|
Batting: RHB Juan Castro
|
0-0: Ball 1-0: Swinging Strike 1-1: Fly out, F8 (Line Drive, 8RM, EV 101.9 MPH)
|
|
Batting: SHB Steve Scafa
|
0-0: Ball 1-0: Ball 2-0: Ball 3-0: Called Strike 3-1: Called Strike 3-2: Base on Balls
|
|
Batting: SHB Mitch Webster
|
0-0: Ball 1-0: Foul Ball, location: 2F 1-1: Ball 2-1: Foul Ball, location: 2F 2-2: Ball 3-2: Strikes out swinging Steve Scafa steals 2nd base Batter strikes out.
|
|
Batting: RHB Shawon Dunston
|
0-0: Ball 1-0: Ball 2-0: TRIPLE (Line Drive, 78XD, EV 98.1 MPH) Steve Scafa scores
|
|
Batting: SHB Mark Gilbert
|
0-0: Foul Ball, location: 2F 0-1: Ball 1-1: Ground out 1-3 (Groundball, 13, EV 70.0 MPH)
|
| Top of the 3rd over - 1 run, 1 hit, 0 errors, 1 left on base; Pittsfield 2 - Pawtucket 0 |
| BOTTOM OF THE 3RD |
|
Pawtucket Paw Sox batting - Pitching for Pittsfield Colonials : RHP Tim Rodgers
|
|
Batting: RHB Gary Hargis
|
0-0: SOLO HOME RUN (Flyball, 7D, EV 93.1 MPH), Distance : 370 ft
|
|
Batting: RHB Ted Cox
|
0-0: Ball 1-0: Called Strike 1-1: Fly out, F7 (Flyball, 7LD, EV 86.3 MPH)
|
|
Batting: LHB Dave Haberle
|
0-0: Foul Ball, location: 2F 0-1: Called Strike 0-2: Ball 1-2: Ball 2-2: Ground out 5-3 (Groundball, 5L, EV 97.5 MPH)
|
|
Batting: LHB Steven Garcia
|
0-0: Ball 1-0: Called Strike 1-1: Ball 2-1: DOUBLE (Flyball, 89XD, EV 95.6 MPH)
|
|
Batting: LHB Jeff Stone
|
0-0: Called Strike 0-1: Ball 1-1: Foul Ball, location: 2F 1-2: Foul Ball, location: 2F 1-2: Ball 2-2: Foul Ball, location: 2F 2-2: Foul Ball, location: 2F 2-2: Strikes out swinging
|
| Bottom of the 3rd over - 1 run, 2 hits, 0 errors, 1 left on base; Pittsfield 2 - Pawtucket 1 |
| TOP OF THE 4TH |
|
Pittsfield Colonials batting - Pitching for Pawtucket Paw Sox : RHP Kevin McCoy
|
|
Batting: RHB Mike Brewer
|
0-0: Ball 1-0: Ground out 4-3 (Groundball, 34, EV 86.3 MPH)
|
|
Batting: SHB Felipe Gracia
|
0-0: Ball 1-0: Ball 2-0: Ball 3-0: Base on Balls
|
|
Batting: RHB Steven Ramler
|
0-0: Ball 1-0: Called Strike 1-1: Foul Ball, location: 2F 1-2: Strikes out swinging
|
|
Batting: SHB David Enos
|
0-0: Ball 1-0: Foul Ball, location: 2F 1-1: Ball 2-1: Ball 3-1: Foul Ball, location: 2F 3-2: Ground out 5-3 (Groundball, 56, EV 100.0 MPH)
|
| Top of the 4th over - 0 runs, 0 hits, 0 errors, 1 left on base; Pittsfield 2 - Pawtucket 1 |
| BOTTOM OF THE 4TH |
|
Pawtucket Paw Sox batting - Pitching for Pittsfield Colonials : RHP Tim Rodgers
|
|
Batting: RHB Dave Malpeso
|
0-0: Swinging Strike 0-1: Ball 1-1: Ball 2-1: Foul Ball, location: 2F 2-2: Foul Ball, location: 2F 2-2: Strikes out swinging
|
|
Batting: RHB Brick Smith
|
0-0: Called Strike 0-1: Foul Ball, location: 2F 0-2: Strikes out looking
|
|
Batting: LHB David Wiggins
|
0-0: Ball 1-0: Ball 2-0: Called Strike 2-1: Fly out, F3 (Line Drive, 3, EV 61.9 MPH)
|
| Bottom of the 4th over - 0 runs, 0 hits, 0 errors, 0 left on base; Pittsfield 2 - Pawtucket 1 |
| TOP OF THE 5TH |
|
Pittsfield Colonials batting - Pitching for Pawtucket Paw Sox : RHP Kevin McCoy
|
|
Batting: RHB Juan Castro
|
0-0: SINGLE (Line Drive, 89M, EV 105.6 MPH)
|
|
Batting: SHB Steve Scafa
|
0-0: Bunt missed! 0-1: Bunt - Flyout to 15 - DP at third! 1-3
|
|
Batting: SHB Mitch Webster
|
0-0: Called Strike 0-1: Foul Ball, location: 2F 0-2: Ball 1-2: Ball 2-2: Foul Ball, location: 2F 2-2: Foul Ball, location: 2F 2-2: Foul Ball, location: 2F 2-2: Ball 3-2: Foul Ball, location: 2F 3-2: Strikes out swinging
|
| Top of the 5th over - 0 runs, 1 hit, 0 errors, 0 left on base; Pittsfield 2 - Pawtucket 1 |
| BOTTOM OF THE 5TH |
|
Pawtucket Paw Sox batting - Pitching for Pittsfield Colonials : RHP Tim Rodgers
|
|
Batting: RHB Robert Duran
|
0-0: Ball 1-0: Foul Ball, location: 2F 1-1: Ball 2-1: Ground out U3 (Groundball, 3L, EV 90.0 MPH)
|
|
Batting: RHB Gary Hargis
|
0-0: Ball 1-0: Foul Ball, location: 2F 1-1: Fly out, F9 (Flyball, 9S, EV 93.8 MPH)
|
|
Batting: RHB Ted Cox
|
0-0: Ball 1-0: Foul Ball, location: 2F 1-1: Ball 2-1: Ground out 4-3 (Groundball, 4, EV 89.4 MPH)
|
| Bottom of the 5th over - 0 runs, 0 hits, 0 errors, 0 left on base; Pittsfield 2 - Pawtucket 1 |
| TOP OF THE 6TH |
|
Pittsfield Colonials batting - Pitching for Pawtucket Paw Sox : RHP Kevin McCoy
|
|
Batting: RHB Shawon Dunston
|
0-0: Ball 1-0: Ground out 6-3 (Groundball, 4MD, EV 83.8 MPH)
|
|
Batting: SHB Mark Gilbert
|
0-0: Ball 1-0: Fly out, F7 (Flyball, 78M, EV 81.3 MPH)
|
|
Batting: RHB Mike Brewer
|
0-0: Swinging Strike 0-1: Ball 1-1: Foul Ball, location: 2F 1-2: Foul Ball, location: 2F 1-2: Ball 2-2: Ground out U3 (Groundball, 13, EV 86.9 MPH)
|
| Top of the 6th over - 0 runs, 0 hits, 0 errors, 0 left on base; Pittsfield 2 - Pawtucket 1 |
| BOTTOM OF THE 6TH |
|
Pawtucket Paw Sox batting - Pitching for Pittsfield Colonials : RHP Tim Rodgers
|
|
Batting: LHB Dave Haberle
|
0-0: Ball 1-0: Called Strike 1-1: Called Strike 1-2: Ball 2-2: Foul Ball, location: 2F 2-2: Strikes out swinging
|
|
Batting: LHB Steven Garcia
|
0-0: Ball 1-0: Foul Ball, location: 2F 1-1: Ball 2-1: Fly out, F7 (Flyball, 78M, EV 86.3 MPH)
|
|
Batting: LHB Jeff Stone
|
0-0: Ball 1-0: SINGLE (Line Drive, 56D, EV 96.9 MPH)
|
|
Batting: RHB Dave Malpeso
|
0-0: Ball 1-0: Ball 2-0: Ball 3-0: Called Strike 3-1: Foul Ball, location: 2F 3-2: Fly out, F8 (Flyball, 8RM, EV 92.5 MPH)
|
| Bottom of the 6th over - 0 runs, 1 hit, 0 errors, 1 left on base; Pittsfield 2 - Pawtucket 1 |
| TOP OF THE 7TH |
|
Pittsfield Colonials batting - Pitching for Pawtucket Paw Sox : RHP Kevin McCoy
|
|
Batting: SHB Felipe Gracia
|
0-0: DOUBLE (Line Drive, 78D, EV 109.4 MPH)
|
|
Batting: RHB Steven Ramler
|
0-0: Ball 1-0: Reached on error, E6 (Groundball, 6, EV 89.4 MPH) Felipe Gracia to third
|
|
Batting: SHB David Enos
|
0-0: Called Strike 0-1: SINGLE (Groundball, 3, EV 100.6 MPH) Felipe Gracia scores Steven Ramler to second Runner from 2nd tries for 3rd, SAFE, no throw by RF
|
|
Batting: RHB Juan Castro
|
0-0: Called Strike 0-1: Ball 1-1: Ball 2-1: Ball 3-1: Base on Balls David Enos to second
|
|
Batting: SHB Steve Scafa
|
0-0: Called Strike 0-1: Ball 1-1: Foul Ball, location: 2F 1-2: Ball 2-2: Ball 3-2: Fly out, F8 (Flyball, 8LD, EV 91.3 MPH) Runner from 3rd tags up, SCORES, no throw by CF
|
|
Batting: SHB Mitch Webster
|
0-0: DOUBLE (Line Drive, 7LS, EV 106.3 MPH) David Enos scores Juan Castro to third Runner from 3rd tries for Home, SAFE, throw by LF to home
|
|
Pitching: RHP Robert Crimian
|
|
|
Batting: RHB Shawon Dunston
|
0-0: Ball 1-0: Foul Ball, location: 2F 1-1: Ball 2-1: Ball 3-1: Fly out, F9 (Flyball, 9, EV 90.6 MPH)
|
|
Batting: SHB Mark Gilbert
|
0-0: Ball 1-0: Called Strike 1-1: Ball 2-1: Ball 3-1: Foul Ball, location: 2F 3-2: Base on Balls
|
|
Batting: RHB Mike Brewer
|
0-0: Called Strike 0-1: Ball 1-1: Swinging Strike 1-2: Ball 2-2: Ball 3-2: SINGLE (Line Drive, 8RS, EV 103.1 MPH) Mitch Webster to third Mark Gilbert to second Mitch Webster scores Mark Gilbert to third
|
|
Batting: SHB Felipe Gracia
|
0-0: Fly out, F7 (Line Drive, 7D, EV 94.4 MPH)
|
| Top of the 7th over - 5 runs, 4 hits, 1 error, 2 left on base; Pittsfield 7 - Pawtucket 1 |
| BOTTOM OF THE 7TH |
|
Pawtucket Paw Sox batting - Pitching for Pittsfield Colonials : RHP Tim Rodgers
|
|
Batting: RHB Brick Smith
|
0-0: Swinging Strike 0-1: Swinging Strike 0-2: Fly out, F8 (Flyball, 8LM, EV 79.4 MPH)
|
|
Batting: LHB David Wiggins
|
0-0: Foul Ball, location: 2F 0-1: Fly out, F7 (Flyball, 7LS, EV 85.0 MPH)
|
|
Batting: RHB Robert Duran
|
0-0: Called Strike 0-1: Called Strike 0-2: Strikes out swinging
|
| Bottom of the 7th over - 0 runs, 0 hits, 0 errors, 0 left on base; Pittsfield 7 - Pawtucket 1 |
| TOP OF THE 8TH |
|
Pittsfield Colonials batting - Pitching for Pawtucket Paw Sox : RHP Robert Crimian
|
|
Batting: RHB Steven Ramler
|
0-0: Ball 1-0: Foul Ball, location: 2F 1-1: Ball 2-1: Called Strike 2-2: Strikes out swinging
|
|
Batting: SHB David Enos
|
0-0: Called Strike 0-1: Called Strike 0-2: Ball 1-2: Foul Ball, location: 2F 1-2: Strikes out swinging
|
|
Batting: RHB Juan Castro
|
0-0: Ball 1-0: Called Strike 1-1: Ball 2-1: Fly out, F9 (Flyball, 9, EV 91.3 MPH)
|
| Top of the 8th over - 0 runs, 0 hits, 0 errors, 0 left on base; Pittsfield 7 - Pawtucket 1 |
| BOTTOM OF THE 8TH |
|
Pawtucket Paw Sox batting - Pitching for Pittsfield Colonials : RHP Tim Rodgers
|
|
Batting: RHB Gary Hargis
|
0-0: Foul Ball, location: 2F 0-1: Ball 1-1: Ball 2-1: Ground out 1-3 (Groundball, 15S, EV 68.1 MPH)
|
|
Batting: RHB Ted Cox
|
0-0: Ball 1-0: Ball 2-0: Ball 3-0: Called Strike 3-1: Base on Balls
|
|
Batting: LHB Dave Haberle
|
0-0: Ball 1-0: Called Strike 1-1: Ball 2-1: SINGLE (Flyball, 6D, EV 86.9 MPH) Ted Cox to second
|
|
Batting: LHB Steven Garcia
|
0-0: Fielders Choice at 2nd, 5-4 (Groundball, 56, EV 88.8 MPH) Ted Cox to third
|
|
Batting: LHB Jeff Stone
|
0-0: Swinging Strike 0-1: Ball 1-1: Fly out, F8 (Line Drive, 8RD, EV 92.5 MPH)
|
| Bottom of the 8th over - 0 runs, 1 hit, 0 errors, 2 left on base; Pittsfield 7 - Pawtucket 1 |
| TOP OF THE 9TH |
|
Pittsfield Colonials batting - Pitching for Pawtucket Paw Sox : RHP Robert Crimian
|
|
Batting: SHB Steve Scafa
|
0-0: Called Strike 0-1: Called Strike 0-2: Ball 1-2: Foul Ball, location: 2F 1-2: Ball 2-2: Ball 3-2: Foul Ball, location: 2F 3-2: Foul Ball, location: 2F 3-2: Foul Ball, location: 2F 3-2: Base on Balls
|
|
Batting: SHB Mitch Webster
|
0-0: Called Strike 0-1: Swinging Strike 0-2: Ball Steve Scafa steals 2nd base 1-2: Strikes out swinging
|
|
Batting: RHB Shawon Dunston
|
0-0: Ball 1-0: Ball 2-0: Called Strike 2-1: Called Strike 2-2: Foul Ball, location: 2F 2-2: Foul Ball, location: 2F 2-2: Foul Ball, location: 2F 2-2: Ground out U3 (Groundball, 34S, EV 81.9 MPH) Steve Scafa to third
|
|
Batting: SHB Mark Gilbert
|
0-0: Called Strike 0-1: Ball 1-1: Ball 2-1: Foul Ball, location: 2F 2-2: Ground out U3 (Groundball, 3, EV 76.3 MPH)
|
| Top of the 9th over - 0 runs, 0 hits, 0 errors, 1 left on base; Pittsfield 7 - Pawtucket 1 |
| BOTTOM OF THE 9TH |
|
Pawtucket Paw Sox batting - Pitching for Pittsfield Colonials : RHP Tim Rodgers
|
|
Batting: RHB Dave Malpeso
|
0-0: Called Strike 0-1: Fly out, F7 (Flyball, 7, EV 95.6 MPH)
|
|
Batting: RHB Brick Smith
|
0-0: Ball 1-0: Ball 2-0: Fly out, F8 (Flyball, 8RD, EV 99.4 MPH)
|
|
Batting: LHB David Wiggins
|
0-0: Ball 1-0: Ball 2-0: Ball 3-0: Base on Balls
|
|
Batting: RHB Robert Duran
|
0-0: Ball 1-0: Ball 2-0: Called Strike 2-1: Fly out, F8 (Flyball, 8RD, EV 93.1 MPH)
|
| Bottom of the 9th over - 0 runs, 0 hits, 0 errors, 1 left on base; Pittsfield 7 - Pawtucket 1 |
|